 Dungeon Crawl Stone Soup version 0.23.0 (webtiles) character file.

Game seed: 18186086994902452161

3928 Faca the Fighter (level 10, -3/144 HPs)
             Began as a Centaur Hunter on Feb 17, 2019.
             Was a Priest of Okawaru.
             Slain by a porcupine (5 damage)
             ... on level 8 of the Dungeon.
             The game lasted 00:18:54 (9680 turns).

Faca the Fighter (Centaur Hunter)                   Turns: 9680, Time: 00:18:55

Health: -3/144     AC: 25    Str: 18    XL:     10   Next: 1%
Magic:  8/10       EV:  1    Int: 10    God:    Okawaru [***...]
Gold:   484        SH:  0    Dex: 10    Spells: 9/9 levels left

rFire    . . .     SeeInvis .   b - +0 trident
rCold    . . .     Gourm    .   (no shield)
rNeg     + + +     Faith    .   (armour currently unavailable)
rPois    +         Spirit   .   (helmet currently unavailable)
rElec    .         Reflect  .   (cloak currently unavailable)
rCorr    .         Harm     .   (gloves currently unavailable)
MR       .....     NoTele   +   (no barding)
Stlth    +.........             (no amulet)
HPRegen  0.34/turn              (no ring)
MPRegen  0.12/turn              (no ring)

@: tree-form, slowed, very slow
A: large
a: Heroism, Renounce Religion


You were on level 8 of the Dungeon.
You worshipped Okawaru.
Okawaru was most pleased with you.
You were not hungry.
You were a tree.
You visited 2 branches of the dungeon, and saw 9 of its levels.
You also visited: Sewer.

You collected 484 gold pieces.

Inventory:

Hand Weapons
 a - a +1 shortbow
 b - a +0 trident (weapon)
 A - a +6 flail of holy wrath
Missiles
 d - 181 arrows
 D - a throwing net (quivered)
Armour
 j - a +0 ring mail (melded)
 n - a +0 pair of gloves (melded)
Jewellery
 e - an uncursed amulet of the gourmand {unknown}
Wands
 w - a wand of flame (12)
 x - a wand of paralysis (1)
 C - a wand of acid (7)
 E - a wand of iceblast (6)
Scrolls
 h - 6 scrolls of remove curse {unknown}
 i - a scroll of enchant weapon {unknown}
 l - 10 scrolls of identify {unknown}
 q - 4 scrolls of enchant armour {unknown}
 s - 2 scrolls of fear {unknown}
 u - 2 scrolls of teleportation {unknown}
 v - 3 scrolls of noise {unknown}
 y - a scroll of magic mapping {unknown}
 B - a scroll of summoning {unknown}
 F - 2 scrolls of blinking {unknown}
Potions
 c - 3 potions of curing
 g - 3 potions of flight {unknown}
 k - 4 potions of lignification
 m - a potion of magic {unknown}
 o - a potion of mutation {unknown}
 p - a potion of haste {unknown}
 r - a potion of ambrosia {unknown}
 t - 2 potions of degeneration {unknown}
 z - 2 potions of heal wounds {unknown}
Comestibles
 f - 16 rations
 G - 2 chunks of flesh


   Skills:
 + Level 11.4 Fighting
 + Level 8.1 Polearms
 - Level 5.3 Bows
 - Level 1.3 Dodging
 - Level 0.4 Stealth


You had 9 spell levels left.
You didn't know any spells.
Your spell library contained the following spells:

 Spells                   Type           Power        Failure   Level  Hunger
 Magic Dart               Conj           #...         36%         1    ##.....
 Blink                    Tloc           N/A          50%         2    ###....
 Call Imp                 Summ           #.......     50%         2    ###....
 Slow                     Hex            #.......     50%         2    ###....
 Conjure Flame            Conj/Fire      #.......     75%         3    ####...
 Mephitic Cloud           Conj/Pois/Air  #.......     75%         3    ####...


Dungeon Overview and Level Annotations

Branches:
Dungeon (8/15)             Temple (1/1) D:4
   Lair: D:8-11

Altars:
Ashenzari
Cheibriados
Dithmenos
Elyvilon
Fedhas
Gozag
Hepliaklqana
Kikubaaqudgha
Makhleb
Nemelex Xobeh
Okawaru
Qazlal
Ru
Sif Muna
Trog
Uskayaw
Vehumet
Wu Jian
Xom
Yredelemnul
Zin
The Shining One


Innate Abilities, Weirdness & Mutations

((You have hooves in place of feet.))
((Armour fits poorly on your strangely shaped body.))
((You cover ground very quickly.))
((You have extremely tough skin. (AC +3)))


Message History

You feel like a meek peon again.
You feel sick.
The giant cockroach bites you but does no damage.
The giant cockroach barely misses you.
You feel better.
The porcupine bites you but does no damage.
The giant cockroach bites you.
* * * LOW HITPOINT WARNING * * *
The porcupine closely misses you. The giant cockroach barely misses you.
Unknown command.
You are struck by the porcupine's spines.
* * * LOW HITPOINT WARNING * * *
You barely miss the porcupine. The porcupine bites you!
* * * LOW HITPOINT WARNING * * *
The giant cockroach bites you but does no damage.
It was a potion of lignification.
You turn into a tree.
Your +0 pair of gloves melds into your body.
Your +0 ring mail melds into your body.
Your roots penetrate the ground.
The porcupine bites you.
You die...

#..##$.P..P# #.P.PP#
#.....PPP.(+ #..P...
#.##...y.P# #...P..
#.##..P.P.####P.....
#.##F..P...P.P.PP...
#......P........P.#.
#....#..PP.P.P......
######.#####)P.P.P.....#.
........r♣s...#........#.#
###.###.#####.##...###.###
#.# #.##..#####..> #.#
#.............# #.#
#..##..#######. #..
....##..# #. #.# ###.##..^
... #. .###.# #### #.#


You could see a porcupine and a giant cockroach.

Vanquished Creatures
  Pikel (D:4)
  A hornet (D:8)
  Prince Ribbit (D:5)
  A spriggan (D:7)
  Menkaure (D:7)
  Edmund (D:5)
  An orc warrior (D:5)
  A porcupine (D:8)
  A slave (D:5)
  An ice beast (D:7)
  5 ogres
  3 phantoms
  2 sky beasts
  A black bear (D:6)
  A centaur (D:8)
  A crocodile (D:7)
  A big kobold (Sewer)
  2 bullfrogs
  2 scorpions (D:6)
  A bullfrog zombie (D:6)
  A crimson imp (D:7)
  A centaur zombie (D:6)
  5 orc priests
  A hound (D:5)
  2 jellies
  2 bullfrog skeletons
  2 iguanas
  Ijyb (D:5)
  5 orc wizards
  7 worker ants
  A killer bee zombie (D:8)
  A hound skeleton (D:5)
  3 adders
  3 gnolls (D:4)
  A shadow imp (D:7)
  An adder zombie (D:6)
  3 adder skeletons
  2 worms (D:2)
  4 dart slugs
  6 leopard geckos
  22 orcs
  2 ball pythons
  4 giant cockroaches
  6 hobgoblins
  3 jackals
  11 kobolds
  6 quokkas
  5 bats
  5 frilled lizards
  6 goblins
  A jackal skeleton (D:4)
  A leopard gecko skeleton (D:4)
  A leopard gecko zombie (D:5)
  A quokka skeleton (D:6)
  A quokka zombie (D:5)
  17 rats
173 creatures vanquished.

Vanquished Creatures (others)
  Grinder (D:5)
  A slave (D:5)
  A bullfrog (D:5)
  3 orcs (D:5)
6 creatures vanquished.

Grand Total: 179 creatures vanquished

Notes
Turn   | Place    | Note
-------+----------+-------------------------------------------
     0 | D:1      | Faca the Centaur Hunter began the quest for the Orb.
     0 | D:1      | Reached XP level 1. HP: 17/17 MP: 1/1
   176 | D:1      | Reached XP level 2. HP: 18/25 MP: 2/2
   239 | D:1      | Reached skill level 3 in Fighting
   768 | D:2      | Reached XP level 3. HP: 30/31 MP: 3/3
  1288 | D:2      | Reached skill level 4 in Fighting
  1972 | D:3      | Reached XP level 4. HP: 40/41 MP: 4/4
  2893 | D:4      | Reached skill level 5 in Fighting
  2977 | D:4      | Noticed a phantom
  2990 | D:4      | Reached XP level 5. HP: 48/48 MP: 5/5
  3221 | D:4      | Noticed an ogre
  3243 | D:4      | Killed an ogre
  3243 | D:4      | Reached skill level 6 in Fighting
  3243 | D:4      | Reached XP level 6. HP: 45/58 MP: 6/6
  3342 | D:4      | Found a glowing drain.
  3365 | Sewer    | Entered a sewer
  3436 | Sewer    | Reached skill level 7 in Fighting
  3509 | Sewer    | Found a white marble altar of Elyvilon.
  4033 | D:4      | Found a staircase to the Ecumenical Temple.
  4043 | Temple   | Entered the Ecumenical Temple
  4066 | Temple   | Became a worshipper of Warmaster Okawaru
  4333 | D:4      | Reached skill level 1 in Polearms
  4333 | D:4      | Reached XP level 7. HP: 42/67 MP: 7/7
  4375 | D:5      | Entered Level 5 of the Dungeon
  4720 | D:5      | Noticed Pikel
  4740 | D:5      | Noticed Grinder
  4749 | D:5      | Reached skill level 8 in Fighting
  4963 | D:4      | Killed Pikel
  4963 | D:4      | Reached * piety under Okawaru
  4963 | D:4      | Reached XP level 8. HP: 21/77 MP: 8/8
  5353 | D:5      | Found a deep blue altar of Sif Muna.
  5386 | D:4      | Found a deep blue altar of Sif Muna.
  5420 | D:5      | Noticed Prince Ribbit
  5439 | D:5      | Killed Prince Ribbit
  5439 | D:5      | Reached ** piety under Okawaru
  5439 | D:5      | Reached skill level 9 in Fighting
  5549 | D:5      | Noticed Edmund
  5558 | D:5      | Killed Edmund
  5558 | D:5      | Reached skill level 5 in Polearms
  5588 | D:5      | Killed Grinder
  5598 | D:5      | Found an iron altar of Okawaru.
  5665 | D:5      | Found an ancient bone altar of Kikubaaqudgha.
  5699 | D:5      | Noticed Ijyb
  5718 | D:5      | Killed Ijyb
  6539 | D:6      | Found an opulent altar of Gozag.
  6655 | D:6      | Reached skill level 10 in Fighting
  6655 | D:6      | Reached XP level 9. HP: 72/85 MP: 9/9
  7208 | D:6      | Reached *** piety under Okawaru
  8588 | D:7      | Noticed Menkaure
  8595 | D:7      | Killed Menkaure
  9037 | D:7      | Reached skill level 11 in Fighting
  9123 | D:7      | Found a glowing silver altar of Zin.
  9265 | D:7      | Received a gift from Okawaru
  9661 | D:8      | Paralysed by a hornet for 2 turns
  9672 | D:8      | Paralysed by a hornet for 1 turns
  9677 | D:8      | Received a gift from Okawaru
  9677 | D:8      | Reached XP level 10. HP: 14/96 MP: 7/10
  9679 | D:8      | HP: 1/96 [porcupine (10)]
  9680 | D:8      | Slain by a porcupine

Skill      XL: |  1  2  3  4  5  6  7  8  9 |
---------------+----------------------------+-----
Fighting       | 3 4 5 6 7 8 10 11 | 11.4
Polearms       | 1 4 5 8 |  8.1
Bows           | |  5.3
Dodging        | |  1.3
Stealth        | |  0.4

Action                   |  1- 3 |  4- 6 |  7- 9 | 10-12 || total
-------------------------+-------+-------+-------+-------++-------
Melee: Short sword       |   145 |   170 |       |       ||   315
       Kick              |    26 |    49 |   101 |       ||   176
       Trident           |       |    25 |   386 |     1 ||   412
       Spear             |       |     7 |       |       ||     7
       Flail             |       |       |    16 |       ||    16
 Fire: Shortbow          |     2 |       |       |       ||     2
Invok: Heroism           |       |       |     1 |       ||     1
Evoke: Wand              |       |     9 |     7 |       ||    16
  Use: Potion            |       |       |     2 |     2 ||     4
 Stab: Paralysed         |       |       |    11 |       ||    11
  Eat: Chunk             |     2 |     6 |    13 |       ||    21
       Ration            |       |       |     1 |       ||     1
Armor: Leather armour    |    16 |       |       |       ||    16
       Ring mail         |    46 |    87 |   108 |     3 ||   244
Dodge: Dodged            |    74 |    95 |   137 |     3 ||   309
